 Dungeon Crawl Stone Soup version 0.28-a0-1382-g92835e5c71 (webtiles) character file.

Game seed: 13681605375444084214

981 ytrimaz the Insei (level 8, -2/62 HPs)
             Began as an Octopode Transmuter on Jan 1, 2022.
             Slain by a five-headed hydra (9 damage)
             ... on level 6 of the Dungeon.
             The game lasted 00:07:52 (6223 turns).

ytrimaz the Insei (Octopode Transmuter)             Turns: 6223, Time: 00:07:53

Health: -2/62      AC: 10    Str: 10    XL:     8   Next: 17%
Magic:  10/14      EV: 11    Int: 17    God:
Gold:   133        SH:  0    Dex: 12    Spells: 6/16 levels left

rFire   x . .      SeeInvis .     - Unarmed
rCold   + + +      Faith    .   (shield currently unavailable)
rNeg    . . .      Spirit   .   (helmet currently unavailable)
rPois   +          Reflect  .   j - amulet of regeneration
rElec   .          Harm     .   d - +4 ring of protection
rCorr   .          Rampage  .   (no ring)
Will    .....                   (no ring)
Stlth   +.........              (no ring)
HPRegen 1.00/turn               (no ring)
MPRegen 0.14/turn               (no ring)
                                (no ring)
                                (no ring)

@: ice-form, attractive
A: freezing attack, boosted hp, almost no armour, amphibious, 8 rings, large,
(camouflage 1), (gelatinous body 1), (nimble swimmer 1), (tentacles)
a: End Transformation


You were on level 6 of the Dungeon.
You were a creature of crystalline ice.
You visited 2 branches of the dungeon, and saw 7 of its levels.

You collected 133 gold pieces.

Inventory:

Missiles
 f - a throwing net
Jewellery
 d - a +4 ring of protection (left front paw)
 j - an amulet of regeneration (around neck)
 q - an amulet of reflection
Wands
 o - a wand of charming (9)
 r - a wand of paralysis (10)
Scrolls
 a - a scroll of amnesia
 e - 2 scrolls of blinking
 g - a scroll of immolation
 k - a scroll of teleportation
 n - a scroll of enchant weapon
Potions
 b - 2 potions of brilliance
 c - 2 potions of curing
 h - a potion of attraction
 i - 2 potions of might {unknown}
 l - a potion of cancellation {unknown}
 m - a potion of lignification {unknown}
 p - a potion of degeneration {unknown}
 s - a potion of magic {unknown}


   Skills:
 * Level 3.3 Fighting
 * Level 4.3 Dodging
 + Level 5.0 Unarmed Combat
 * Level 4.6 Spellcasting
 * Level 4.4 Transmutations
 + Level 1.5 Poison Magic


You had 6 spell levels left.
You knew the following spells:

 Your Spells              Type           Power      Damage    Failure   Level
a - Beastly Appendage     Tmut           38%        N/A       2%          1
b - Wereblood             Tmut           19%        N/A       3%          2
c - Spider Form           Tmut/Pois      14%        N/A       13%         3
d - Ice Form              Ice/Tmut       11%        N/A       52%         4

Your spell library contained the following spells:

 Spells                   Type           Power      Damage    Failure   Level


Dungeon Overview and Level Annotations

Branches:
Dungeon (6/15)             Temple (1/1) D:5

Altars:
Cheibriados
Elyvilon
Hepliaklqana
Makhleb
Okawaru
Qazlal
Ru
Sif Muna
Yredelemnul
Zin
The Shining One

Annotations:
D:4 exclusions: adder and phantom


Innate Abilities, Weirdness & Mutations

You are a creature of crystalline ice.
You have a powerful freezing melee attack.
Your maximum health is increased.
Your armour is entirely melded.
You are incapable of wielding weapons or throwing items.
You cannot wear most types of armour.
You are amphibious.
You can wear up to eight rings at the same time.
((Your skin changes colour to match your surroundings (Stealth+).))
((Your rubbery body absorbs attacks. (AC +1, EV +1)))
((You are camouflaged when in or above water. (Stealth+)))
((You have tentacles for arms and can constrict up to eight enemies at once.))


Message History

HP restored.
Your transformation has ended.
Magic restored.
A five-headed hydra comes into view.
The five-headed hydra roars!
A five-headed hydra is nearby!
Casting: Spider Form (dangerous; 13% risk of failure)
Confirm with . or Enter, or press ? or * to list all spells.
The spell is quite dangerous to miscast (52% risk of failure)!
Continue anyway?
You turn into a creature of crystalline ice.
Unknown command.
Casting: Ice Form (quite dangerous; 52% risk of failure)
Confirm with . or Enter, or press ? or * to list all spells.
The spell is quite dangerous to miscast (52% risk of failure)!
Continue anyway?
Okay, then.
It was a potion of attraction.
You feel attractive to monsters.
The five-headed hydra is attracted toward you.
Unknown command.
You hit the five-headed hydra. You freeze the five-headed hydra.
The five-headed hydra is lightly wounded.
The five-headed hydra bites you. x2; The five-headed hydra bites you! x2
The five-headed hydra misses you.
You punch the five-headed hydra!
The five-headed hydra seems to slow down.
You freeze the five-headed hydra.
The five-headed hydra is moderately wounded.
The five-headed hydra bites you but does no damage.
The five-headed hydra barely misses you.
The five-headed hydra bites you but does no damage.
The five-headed hydra barely misses you.
The five-headed hydra bites you!
* * * LOW HITPOINT WARNING * * *
You punch the five-headed hydra! You freeze the five-headed hydra.
The five-headed hydra is heavily wounded.
The five-headed hydra bites you!
* * * LOW HITPOINT WARNING * * *
The five-headed hydra bites you but does no damage.
The five-headed hydra bites you!
You die...

### ... #.# #.#
#§# # ##D#
#.#.Y# #.#.###.#
#.......# ####
###.#####
#..#########.#
#.#............#
#.#...##########
#.#†..#
#.#...######


You could see a five-headed hydra (slow).

Vanquished Creatures
  4 sky beasts
  An ogre (D:5)
  A kobold brigand (D:5)
  A centaur zombie (D:5)
  A bullfrog zombie (D:5)
  3 hounds (D:5)
  A jelly (D:4)
  An iguana (D:5)
  11 river rats (D:5)
  6 adders
  An ufetubus (D:5)
  An adder skeleton (D:4)
  3 dart slugs
  2 orcs
  2 bats
  6 endoplasms
  2 giant cockroaches (D:1)
  6 goblins
  8 hobgoblins
  5 kobolds
  12 quokkas
  6 ball pythons
  2 frilled lizards
  25 rats
111 creatures vanquished.

Notes
Turn   | Place    | Note
-------+----------+-------------------------------------------
     0 | D:1      | ytrimaz the Octopode Transmuter began the quest for the
                  | Orb.
     0 | D:1      | Reached XP level 1. HP: 13/13 MP: 3/3
   212 | D:1      | You fall into a shaft and drop 1 floor!
   479 | D:1      | Reached XP level 2. HP: 9/18 MP: 3/5
   482 | D:1      | Learned a level 2 spell: Wereblood
   977 | D:1      | Reached XP level 3. HP: 22/23 MP: 4/6
   981 | D:1      | Learned a level 3 spell: Spider Form
  1646 | D:2      | Found a faded altar of an unknown god.
  2670 | D:3      | Reached XP level 4. HP: 21/28 MP: 7/7
  3576 | D:4      | Noticed a phantom
  3633 | D:4      | Reached XP level 5. HP: 6/34 MP: 5/9
  3679 | D:4      | Learned a level 4 spell: Ice Form
  4799 | D:5      | Entered Level 5 of the Dungeon
  4915 | D:5      | Reached XP level 6. HP: 39/39 MP: 11/11
  5034 | D:5      | Noticed a sky beast
  5218 | D:5      | Found a staircase to the Ecumenical Temple.
  5229 | D:5      | Killed a sky beast
  5246 | Temple   | Entered the Ecumenical Temple
  5384 | D:5      | Noticed a sky beast
  5395 | D:5      | Killed a sky beast
  5396 | D:5      | Reached skill level 4 in Unarmed Combat
  5396 | D:5      | Reached XP level 7. HP: 37/45 MP: 9/13
  5569 | D:5      | Found a glowing golden altar of the Shining One.
  5753 | D:5      | Reached skill level 1 in Poison Magic
  6091 | D:5      | Found a faded altar of an unknown god.
  6092 | D:5      | Found a hazy altar of Hepliaklqana.
  6103 | D:5      | Reached XP level 8. HP: 36/52 MP: 11/14
  6196 | D:6      | Reached skill level 5 in Unarmed Combat
  6218 | D:6      | Noticed a five-headed hydra
  6223 | D:6      | Slain by a five-headed hydra

Illustrated notes

Levels and vault maps discovered:
D:1:      dpeg_arrival_leaves_temple_mockup, layout_loops_corners
D:2:      layout_basic, ebering_ecumenical_altar_petrified, patterned_corridor
D:3:      layout_basic, minmay_misc_feat_roman
D:4:      layout_basic, small_statue_intersection
D:5:      lemuel_ratsnest, layout_loops_ring,
          beargit_hepliaklqana_dungeon_heroes, nicolae_tso_swordbearing_angel,
          minmay_temple_entry_large_hall
D:6:      layout_basic, cheibrodos_sewer_entry_drain
Temple:   kb_temple_of_zot

Skill      XL: |  1  2  3  4  5  6  7  8 |
---------------+-------------------------+-----
Fighting       | 2 3 |  3.3
Spellcasting   | 3 4 |  4.6
Transmutations | 3 4 |  4.4
Dodging        | 3 4 |  4.3
Unarmed Combat | 4 5 |  5.0
Poison Magic   | 1 |  1.5

Action                   |  1- 3 |  4- 6 |  7- 9 || total
-------------------------+-------+-------+-------++-------
Melee: Unarmed           |    91 |    85 |   135 ||   311
       Constrict         |    26 |    12 |     8 ||    46
       Kick              |    19 |    12 |       ||    31
       Tentacles         |    10 |     7 |     5 ||    22
       Punch             |       |     1 |     1 ||     2
 Cast: Beastly Appendage |    33 |    19 |     4 ||    56
       Spider Form       |     1 |     6 |     9 ||    16
       Ice Form          |       |       |     1 ||     1
  Use: Scroll            |     2 |     9 |     2 ||    13
       Potion            |       |       |     1 ||     1
 Stab: Sleeping          |     7 |     1 |       ||     8
Armor: Skin              |    11 |    22 |    16 ||    49
Dodge: Dodged            |    47 |    64 |    79 ||   190

Table legend: (Time is in decaauts)
 A = Elapsed time spent in this place.
 B = Non-inter-level travel time spent in this place.
 C = Inter-level travel time spent in this place.
 D = Time resting spent in this place.
 E = Time spent auto-exploring this place.
 F = Levels seen in this place.
 G = Mean time per level.
                   A        B        C        D        E       F      G
               +--------+--------+--------+--------+--------+-----+--------+
         Total |   6203 |   5934 |    269 |    189 |   4844 |   7 |  886.1 |
       Dungeon |   6074 |   5836 |    238 |    189 |   4759 |   6 | 1012.3 |
        Temple |    128 |     97 |     31 |      0 |     85 |   1 |  128.0 |
               +--------+--------+--------+--------+--------+-----+--------+

Top non-repeatable levels by time:
     D:1: 1295 daAuts
     D:4: 1261 daAuts
     D:5: 1209 daAuts
     D:3: 1139 daAuts
     D:2: 1124 daAuts
  Temple: 128 daAuts
     D:6: 44 daAuts
